 Dungeon Crawl Stone Soup version 0.29-a0-323-g050149af67 (webtiles) character file.

Game seed: 17756097864000304545

203 Jortsu the Covered (level 5, -7/47 HPs)
             Began as a Hill Orc Fighter on Apr 11, 2022.
             Mangled by an ogre
             ... wielding a +0 giant club
              (12 damage)
             ... on level 3 of the Dungeon.
             The game lasted 00:04:50 (3623 turns).

Jortsu the Covered (Hill Orc Fighter)               Turns: 3623, Time: 00:04:51

Health: -7/47      AC: 12    Str: 21    XL:     5   Next: 81%
Magic:  5/5        EV:  4    Int:  8    God:
Gold:   170        SH:  9    Dex: 10    Spells: 4/4 levels left

rFire   . . .      SeeInvis .   a - +0 war axe
rCold   . . .      Faith    .   c - +0 buckler
rNeg    . . .      Spirit   .   k - +0 chain mail
rPois   .          Reflect  +   (no helmet)
rElec   .          Harm     .   n - +0 cloak
rCorr   .          Rampage  .   (no gloves)
Will    .....                   l - +0 pair of boots
Stlth   ..........              o - amulet of reflection
HPRegen 0.15/turn               (no ring)
MPRegen 0.09/turn               (no ring)

@: constricted
A: no striking features
a: no special abilities


You were on level 3 of the Dungeon.
You visited 1 branch of the dungeon, and saw 4 of its levels.

You collected 170 gold pieces.

Inventory:

Hand Weapons
 a - a +0 war axe (weapon)
Armour
 c - a +0 buckler (worn)
 f - an orb of wrath
 k - a +0 chain mail (worn)
 l - a +0 pair of boots (worn)
 n - a +0 cloak (worn)
Jewellery
 o - an amulet of reflection (around neck)
Scrolls
 e - 3 scrolls of teleportation
 h - a scroll of fear
Potions
 b - a potion of degeneration {unknown}
 d - a potion of might
 g - 2 potions of flight
 i - a potion of lignification
 j - a potion of invisibility
 m - a potion of heal wounds {unknown}
 p - 3 potions of curing


   Skills:
 + Level 4.8 Fighting
 + Level 4.4 Axes
 + Level 4.9 Armour
 + Level 0.1 Dodging
 + Level 0.4 Stealth
 + Level 3.8 Shields


You had 4 spell levels left.
You didn't know any spells.
Your spell library contained the following spells:

 Spells                   Type           Power      Damage    Failure   Level
 Animate Skeleton         Necr           0%         N/A       99%         1
 Pain                     Necr           0%         1d4       99%         1
 Slow                     Hex            0%         N/A       99%         1
 Corpse Rot               Necr/Air       0%         N/A       100%        2
 Poisonous Vapours        Pois/Air       0%         N/A       100%        2
 Sublimation of Blood     Necr           0%         N/A       100%        2
 Confusing Touch          Hex            0%         N/A       100%        3
 Gell's Gravitas          Tloc           0%         N/A       100%        3
 Teleport Other           Tloc           0%         N/A       100%        3
 Vampiric Draining        Necr           0%         2d6       100%        3
 Petrify                  Tmut/Erth      0%         N/A       100%        4
 Irradiate                Conj/Tmut      0%         3d13      100%        5
 Conjure Ball Lightning   Conj/Air       0%         3x3d6     100%        6
 Dispersal                Tloc           0%         N/A       100%        6
 Discord                  Hex            0%         N/A       100%        8
 Disjunction              Tloc           0%         N/A       100%        8


Dungeon Overview and Level Annotations

Branches:
Dungeon (4/15)
 Temple: D:4-7

Altars:


Message History

The ogre barely misses you. The orc barely misses you.
You block the howler monkey's attack.
The ball python bites you but does no damage.
The ball python grabs you.
You stop ascending the stairs.
The ball python constricts you.
You escape the ball python's grasp.
The endoplasm quivers.
You block the orc's attack.
The howler monkey hits you but does no damage.
The ogre hits you with a +0 giant club!
You climb upwards.
There is a stone staircase leading down here.
You hit the ball python but do no damage.
You hit the ogre. You hit the howler monkey. You barely miss the orc.
The ball python barely misses you. You block the ball python's attack.
The howler monkey barely misses you. The orc hits you but does no damage.
The ball python barely misses you. The ball python grabs you.
The ball python constricts you. You block the howler monkey's attack.
The orc hits you but does no damage. The ogre hits you with a +0 giant club!
* * * LOW HITPOINT WARNING * * *
You barely miss the ball python. You slash the ogre! You hit the howler monkey.
You hit the orc but do no damage. The ball python barely misses you.
The ball python constricts you. The howler monkey barely misses you.
The orc hits you with a +1 dagger of protection.
* * * LOW HITPOINT WARNING * * *
The ball python bites you but does no damage.
The ball python constricts you.
You barely miss the ball python. You hit the ogre. You slash the howler monkey!
You hit the orc.
The howler monkey hits you but does no damage.
You block the ogre's attack.
The orc hits you with a +1 dagger of protection.
* * * LOW HITPOINT WARNING * * *
The ball python bites you but does no damage.
The ball python constricts you. You block the howler monkey's attack.
You closely miss the ball python. You hit the ogre.
You completely miss the howler monkey. You hit the orc but do no damage.
You block the ball python's attack. The ball python constricts you.
The ogre hits you with a +0 giant club!
You die...

.# #.#####.#.# #.######### .# #.#
#.....###.........## .#
#†###..................#
.####.#..........########..######
........#.....##.# ###.........
..............##.# #...........
#####.#.########.# ##.#...#####.
#....†......# #O# #.........##.
#.###.#.###.####@####............
#.###.#.# #....Soh............###
....#.#.# #..###.###...#...####
###.#.#.# #..# #.# #...#...# # #
#...#.###..# #.###<..#...# #
###.###.##..<# #..........## #
....# #.##.#.# #####..##### #
###.###.##.#.# #..# # #
##.##.##.#.#######..# #


You could see an ogre, a howler monkey, an orc and a ball python.

Vanquished Creatures
  Terence (D:2)
  Natasha (thrice) (D:3)
  5 adders
  A worm (D:3)
  5 dart slugs
  3 bats
  6 endoplasms
  2 giant cockroaches
  3 goblins
  3 hobgoblins
  2 jackals (D:1)
  5 quokkas
  4 ball pythons
  A frilled lizard (D:1)
  4 kobolds
  4 rats
52 creatures vanquished.

Vanquished Creatures (others)
  28 plants (D:3)
28 creatures vanquished.

Grand Total: 80 creatures vanquished

Notes
Turn   | Place    | Note
-------+----------+-------------------------------------------
     0 | D:1      | Jortsu the Hill Orc Fighter began the quest for the Orb.
     0 | D:1      | Reached XP level 1. HP: 19/19 MP: 1/1
   294 | D:1      | Reached XP level 2. HP: 17/27 MP: 2/2
   896 | D:1      | Reached XP level 3. HP: 33/33 MP: 3/3
  1110 | D:2      | Noticed Terence
  1125 | D:2      | Killed Terence
  1446 | D:2      | Reached XP level 4. HP: 40/40 MP: 4/4
  2293 | D:3      | Noticed Natasha
  2303 | D:3      | Killed Natasha
  2518 | D:3      | Reached XP level 5. HP: 43/47 MP: 5/5
  2652 | D:3      | Noticed Natasha
  2665 | D:3      | Killed Natasha
  2738 | D:3      | Noticed Natasha
  2758 | D:3      | Killed Natasha
  3386 | D:4      | Noticed an ogre
  3623 | D:3      | Mangled by an ogre

Illustrated notes

Levels and vault maps discovered:
D:1:      dpeg_arrival_rooms_with_view, layout_basic
D:2:      layout_loops_corners, uniq_terence
D:3:      layout_loops_ring, serial_bayou, serial_bayou_lagoon_a,
          serial_bayou_ford_a, serial_bayou_shore_b, serial_bayou_pond_e,
          uniq_natasha
D:4:      layout_rooms, nicolae_gozag_cash_rules_everything_around_me

Skill      XL: |  1  2  3  4 |
---------------+-------------+-----
Fighting       | 4 |  4.8
Axes           | 3 4 |  4.4
Armour         | 4 |  4.9
Dodging        | |  0.1
Stealth        | |  0.4
Shields        | |  3.8

Action                   |  1- 3 |  4- 6 || total
-------------------------+-------+-------++-------
Melee: War axe           |    86 |   109 ||   195
  Use: Scroll            |     6 |     5 ||    11
Armor: Scale mail        |    15 |       ||    15
       Chain mail        |    36 |    72 ||   108
Dodge: Dodged            |    38 |    50 ||    88
Block: Buckler           |    12 |    49 ||    61

Table legend: (Time is in decaauts)
 A = Elapsed time spent in this place.
 B = Non-inter-level travel time spent in this place.
 C = Inter-level travel time spent in this place.
 D = Time resting spent in this place.
 E = Time spent auto-exploring this place.
 F = Levels seen in this place.
 G = Mean time per level.
                   A        B        C        D        E       F      G
               +--------+--------+--------+--------+--------+-----+--------+
         Total |   3746 |   3691 |     55 |    582 |   2412 |   4 |  936.5 |
       Dungeon |   3746 |   3691 |     55 |    582 |   2412 |   4 |  936.5 |
               +--------+--------+--------+--------+--------+-----+--------+

Top non-repeatable levels by time:
     D:3: 1390 daAuts
     D:2: 1144 daAuts
     D:1: 1136 daAuts
     D:4: 75 daAuts
